 Dungeon Crawl Stone Soup version 0.16-a0-321-g9a421ca (webtiles) character file.

171 Mindmaker the Sneak (level 5, -1/30 HPs)
             Began as a Tengu Assassin on Sept 2, 2014.
             Was an Initiate of Gozag.
             Slain by an orc
             ... wielding a +2 hand axe of chopping
              (5 damage)
             ... on Level 3 of the Dungeon.
             The game lasted 00:20:40 (2854 turns).

Mindmaker the Sneak (Tengu Assassin)                Turns: 2854, Time: 00:20:40

HP  -1/30        AC  4     Str 11      XL: 5   Next: 51%
MP   7/7         EV 12     Int 11      God: Gozag
Gold 29          SH  0     Dex 17      Spells:  0 memorised,  4 levels left

rFire  . . .     SeeInvis .     a - +2 dagger
rCold  . . .     Clarity  .     c - +0 robe
rNeg   . . .     rCorr    .     (no shield)
rPois  .         rRot     .     (helmet restricted)
rElec  .         Spirit   .     d - +1 cloak
SustAb .         Warding  .     (no gloves)
rMut   .         Stasis   .     (boots unavailable)
Gourm  .                        (no amulet)
MR     .....                    (no ring)
                                (no ring)

@: not resistant to hostile enchantments, stealthy
A: able to fly, beak, talons 3
a: Fly, Potion Petition, Call Merchant, Bribe Branch, Renounce Religion


You were on level 3 of the Dungeon.
You worshipped Gozag.
Gozag was noncommittal.
You were not hungry.

You visited 1 branch of the dungeon, and saw 3 of its levels.

You collected 236 gold pieces.
You paid 207 gold pieces to Gozag.

Inventory:

Hand weapons
 a - a +2 dagger (weapon)
 b - a +0 blowgun
Missiles
 e - 8 poisoned needles
 f - 2 curare-tipped needles
Armour
 c - a +0 robe (worn)
 d - a +1 cloak (worn)
Magical devices
 q - a wand of flame (17)
Comestibles
 g - 2 bread rations
 h - a royal jelly
 k - a beef jerky
Scrolls
 m - 3 scrolls of identify
 n - a scroll of remove curse
Potions
 j - a potion of agility


   Skills:
 - Level 2.0 Fighting
 - Level 2.1 Short Blades
 - Level 2.1 Throwing
 - Level 1.1 Dodging
 + Level 7.0 Stealth


You had 4 spell levels left.
You didn't know any spells.

Dungeon Overview and Level Annotations

Branches:
Dungeon (3/15)

Altars:
Gozag
Sif Muna

Shops:
D:3 *

Annotations:
D:3 Oper80's ghost, average OpTm


Innate Abilities, Weirdness & Mutations

You can fly.
You have a beak for a mouth.
You have claws for feet.


Message History

You offer a prayer to Gozag.
Gozag says: Cash is king!
Use which ability? (? or * to list)
Okay, then.
Unknown command.
You are too injured to fight recklessly!
You are too injured to fight recklessly!
You hit the orc priest. Your kick misses the orc priest.
The orc priest is severely wounded.
You hit the orc priest. You claw the orc priest.
You kill the orc priest!
Your Stealth skill increases to level 7!
Items here: )) [[ a trident; a ring mail; a club; a leather armour The orc barely misses you.
You see here a hobgoblin skeleton.
There is a stone staircase leading up here.
The orc hits you with a runed hand axe.
You die...
Your body crumbles into a pile of gold.

####.#...## ########
#.###..####........ #.#
##....#.......# #.#
####%#.......## #.#
##.)........#.# #........#
#.............## ........#
###.#........#....
........####.o.#........#...#
o.......##..@..............##
.............##........#....
......#.##.)#...........###
...... #...#.............
..W# #.#..........###.. .
...#...<...##..#..#
###.....>....#....##
#......#..#........
#.#..W.##.....≈≈.≈≈


You could see Oper80's ghost (wandering) and an orc.

Vanquished Creatures
  An orc priest (D:3)
  Ijyb (D:3)
  Jessica (D:3)
  4 adders (D:2)
  A worm (D:2)
  2 giant geckos (D:1)
  An ooze (D:1)
  An orc (D:3)
  8 goblins
  11 hobgoblins
  12 jackals
  A ball python (D:2)
  10 bats
  A giant newt (D:1)
  4 kobolds
  5 rats
64 creatures vanquished.

Notes
Turn   | Place    | Note
--------------------------------------------------------------
     0 | D:1      | Mindmaker, the Tengu Assassin, began the quest for the Orb.
     0 | D:1      | Reached XP level 1. HP: 12/12 MP: 1/1
   486 | D:1      | Reached XP level 2. HP: 11/17 MP: 3/3
  1031 | D:1      | Reached skill level 5 in Stealth
  1063 | D:1      | Reached XP level 3. HP: 13/21 MP: 4/4
  1638 | D:2      | Reached XP level 4. HP: 21/26 MP: 5/5
  2070 | D:2      | Reached skill level 6 in Stealth
  2165 | D:3      | Noticed Oper80's ghost (average OpTm)
  2170 | D:3      | Noticed Ijyb
  2224 | D:3      | Found an opulent altar of Gozag.
  2229 | D:3      | Found Gozag's Platinum Reserve.
  2234 | D:3      | Became a worshipper of Gozag Ym Sagoz the Greedy
  2266 | D:3      | Found a deep blue altar of Sif Muna.
  2405 | D:3      | Noticed Jessica
  2412 | D:3      | Killed Jessica
  2412 | D:3      | Reached XP level 5. HP: 30/30 MP: 7/7
  2650 | D:3      | Killed Ijyb
  2840 | D:3      | Reached skill level 7 in Stealth
  2854 | D:3      | Slain by an orc

Action                   |  1- 3 |  4- 6 || total
-------------------------+-------+-------++-------
Melee: Dagger            |    93 |   114 ||   207
Invok: Potion Petition   |       |     1 ||     1
 Abil: Fly               |       |     1 ||     1
Evoke: Wand              |       |     1 ||     1
  Use: Scroll            |     2 |     4 ||     6
 Stab: Sleeping          |     2 |     2 ||     4
       Distracted        |     1 |       ||     1
  Eat: Chunk             |     2 |     2 ||     4
